 Dungeon Crawl Stone Soup version 0.22.1-1-ga44c0e5 (webtiles) character file.

142 Anon1729 the Chopper (level 5, 0/49 HPs)
             Began as a Naga Gladiator on Oct 6, 2018.
             Slain by a gnoll
             ... wielding a +0 spear
              (3 damage)
             ... on level 3 of the Dungeon.
             The game lasted 00:04:50 (2839 turns).

Anon1729 the Chopper (Naga Gladiator)               Turns: 2839, Time: 00:04:51

Health: 0/49       AC:  4    Str: 17    XL:     5   Next: 24%
Magic:  5/5        EV: 10    Int:  9    God:
Gold:   167        SH:  0    Dex: 12    Spells: 3/4 levels left

rFire    . . .     SeeInvis +   a - +0 war axe
rCold    . . .     Gourm    .   (no shield)
rNeg     . . .     Faith    .   b - +0 leather armour
rPois    +         Spirit   .   c - +0 helmet
rElec    .         Reflect  .   (no cloak)
rCorr    .         Harm     .   (no gloves)
MR       .....                  (no barding)
Stlth    +.........             (no amulet)
HPRegen  0.16/turn              (no ring)
MPRegen  0.09/turn              (no ring)

@: short of breath, hasted, quick
A: large, see invisible, deformed body, poison resistance, slowness 2, slow
metabolism 1, spit poison 1, AC +1
a: Spit Poison


You were on level 3 of the Dungeon.
You were not hungry.

You visited 1 branch of the dungeon, and saw 4 of its levels.

You collected 167 gold pieces.

Inventory:

Hand Weapons
 a - a +0 war axe (weapon)
Missiles
 d - 3 throwing nets (quivered)
Armour
 b - a +0 leather armour (worn)
 c - a +0 helmet (worn)
Scrolls
 h - a scroll of immolation {unknown}
 i - a scroll of identify {unknown}
 j - a scroll of enchant weapon {unknown}
 l - a scroll of remove curse {unknown}
 o - a scroll of amnesia {unknown}
Potions
 k - a potion of invisibility {unknown}
 m - a potion of flight {unknown}
Comestibles
 f - 5 rations
 n - a chunk of flesh


   Skills:
 + Level 3.1 Fighting
 * Level 4.6 Axes
 - Level 2.0 Throwing
 - Level 3.0 Dodging


You had 3 spell levels left.
You knew the following spells:

 Your Spells              Type           Power        Failure   Level  Hunger
a - Apportation           Tloc           #.....       45%         1    ##.....

Your spell library contained the following spells:

 Spells                   Type           Power        Failure   Level  Hunger
 Animate Skeleton         Necr           N/A          45%         1    ##.....
 Confusing Touch          Hex            #.....       45%         1    ##.....
 Summon Small Mammal      Summ           #...         45%         1    ##.....


Dungeon Overview and Level Annotations

Branches:
Dungeon (4/15)
 Temple: D:4-7

Altars:
Ashenzari
Sif Muna

Annotations:
D:3 3 runed doors, Paps's ghost, amateur MiFi


Innate Abilities, Weirdness & Mutations

You cannot wear boots.
Your serpentine skin is tough. (AC +1)
You have supernaturally acute eyesight. (SInv)
Armour fits poorly on your strangely shaped body.
Your system is resistant to poisons. (rPois)
You cover ground very slowly.
You have a slow metabolism.
You can spit poison.


Message History

The gnoll hits you with a spear.
Press: ? - help, Shift-Dir - straight line, f/p - gnoll
Aim: a gnoll, wielding a spear (moderately wounded)
The splash of poison hits the gnoll.
The gnoll is poisoned.
The gnoll is moderately wounded.
You feel slightly more hungry. The gnoll hits you with a spear!
* * * LOW HITPOINT WARNING * * *
Unknown command.
You closely miss the gnoll.
The gnoll is moderately wounded.
The gnoll hits you with a spear.
* * * LOW HITPOINT WARNING * * *
The gnoll hits you with a spear.
* * * LOW HITPOINT WARNING * * *
Unknown command.
Unknown command.
Unknown command.
It was a potion of haste.
You feel yourself speed up. The gnoll hits you with a spear.
You die...

......# ###'######
......## #........# #
.......# .# #.)......#.#
######'##.###........#.#
#...#...'..........#
#...#..##..........#
#...#..##..........#
#......##....g.....#
#......##...@......#
#......##..........#
#...#..##########..#
#...#>.##########..#####
#####...)...)...........#
####.########.#.#.###.##
####..#.# #.._..# .
.(#..#.# ###.#.# .(
.#..#.# #...#


You could see a gnoll.

Vanquished Creatures
  3 adders
  6 gnolls (D:3)
  A dart slug (D:1)
  2 orcs (D:3)
  3 giant cockroaches
  6 goblins
  6 hobgoblins
  2 jackals (D:1)
  A quokka (D:3)
  10 bats
  5 frilled lizards
  5 kobolds
  7 rats
57 creatures vanquished.

Notes
Turn   | Place    | Note
-------+----------+-------------------------------------------
     0 | D:1      | Anon1729 the Naga Gladiator began the quest for the Orb.
     0 | D:1      | Reached XP level 1. HP: 19/19 MP: 1/1
   159 | D:1      | Reached XP level 2. HP: 25/26 MP: 2/2
   755 | D:1      | Reached XP level 3. HP: 26/32 MP: 3/3
  1983 | D:3      | Reached XP level 4. HP: 30/40 MP: 4/4
  1986 | D:3      | Reached skill level 4 in Axes
  2497 | D:3      | Learned a level 1 spell: Apportation
  2671 | D:3      | Found a deep blue altar of Sif Muna.
  2771 | D:3      | Found a runed gate.
  2772 | D:3      | Found a runed gate.
  2772 | D:3      | Found a runed gate.
  2775 | D:3      | Noticed Paps's ghost (amateur MiFi)
  2781 | D:3      | Reached XP level 5. HP: 44/49 MP: 5/5
  2805 | D:3      | Found a shattered altar of Ashenzari.
  2839 | D:3      | Slain by a gnoll

Skill      XL: |  1  2  3  4 |
---------------+-------------+-----
Throwing       | 2 |  2.0
Axes           | 4 |  4.6
Dodging        | 3 |  3.0
Fighting       | 3 |  3.1

Action                   |  1- 3 |  4- 6 || total
-------------------------+-------+-------++-------
Melee: War axe           |   104 |    56 ||   160
 Abil: Spit Poison       |     3 |     9 ||    12
  Use: Potion            |       |     2 ||     2
  Eat: Chunk             |     2 |     3 ||     5
Armor: Leather armour    |    27 |    30 ||    57
Dodge: Dodged            |    79 |    65 ||   144
